 Dungeon Crawl Stone Soup version 0.30-a0-738-g116ff8c4af (webtiles) character file.

Game seed: 9629919480002874554

9 KleinerIrrer the Shooter (level 2, 25/25 HPs)
             Began as an Armataur Hunter on Feb 3, 2023.
             Got out of the dungeon alive.
             The game lasted 00:00:38 (330 turns).

KleinerIrrer the Shooter (Armataur Hunter)           Turns: 330, Time: 00:00:39

Health: 25/25      AC:  4    Str: 16    XL:     2   Next: 3%
Magic:  2/2        EV:  9    Int:  9    God:
Gold:   0          SH:  0    Dex: 13    Spells: 1/1 levels left

rFire   . . .      SeeInvis .    a - +0 shortbow
rCold   . . .      Faith    .    (shield currently unavailable)
rNeg    . . .      Spirit   .    c - +0 leather armour
rPois   .          Reflect  .    (no helmet)
rElec   .          Harm     .    (no cloak)
rCorr   .          Roll     +    (no gloves)
Will    .....                    (no barding)
Stlth   ++                       (no amulet)
HPRegen 0.24/turn                (no ring)
MPRegen 0.08/turn                (no ring)

@: no status effects
A: large, rugged brown scales 3, deformed body, armoured tail, roll, long
tongue, awkward tongue
a: no special abilities


You escaped.
You visited 1 branch of the dungeon, and saw 1 of its levels.

Inventory:

Hand Weapons
 a - a +0 shortbow (weapon)
Armour
 c - a +0 leather armour (worn)
Scrolls
 b - a scroll of immolation
 e - a scroll of fear {unknown}
 f - a scroll of teleportation {unknown}
 i - a scroll of identify {unknown}
Potions
 d - a potion of degeneration {unknown}
 g - a potion of attraction {unknown}
 h - 2 potions of invisibility {unknown}


   Skills:
 + Level 2.0 Fighting
 + Level 3.0 Ranged Weapons
 + Level 1.5 Dodging
 + Level 1.5 Stealth


You had one spell level left.
You didn't know any spells.
Your spell library was empty.

Dungeon Overview and Level Annotations

Branches:
Dungeon (1/15)

Altars:


Innate Abilities, Weirdness & Mutations

You are completely covered in rugged brown scales. (AC +3, +7% HP)
Armour fits poorly on your strangely shaped body.
You have a long armoured tail.
You roll when moving toward enemies. (Rampage)
Your long tongue fully drains potion bottles. (2x potion effects)
Your tongue gives you trouble enunciating. (1.5x scroll delay)


Message History

Found a thin runed staff.
The goblin shouts!
You shoot an arrow. The arrow hits the goblin!
You kill the goblin!
You see here a +0 ring mail.
Things that are here:
a +0 dagger; a goblin corpse You see here a staff of air.
h - 2 bubbling cyan potions You open the door.
There is an open door here.
You open the door.
There is an open door here.
A kobold comes into view. It is wielding a +0 short sword.
You roll towards the kobold!
The kobold shouts!
You see here a scroll labelled JINYES CAUZA.
You shoot an arrow. The arrow hits the kobold.
You kill the kobold!
Your Fighting skill increases to level 2!
No target in view!
i - a scroll labelled JINYES CAUZA You open the door.
There is an open door here.
You open the door.
An endoplasm comes into view.
An endoplasm is nearby!
An endoplasm is nearby!
You shoot an arrow. The arrow hits the endoplasm.
The endoplasm quivers.
The endoplasm is severely wounded.
You shoot an arrow. The arrow hits the endoplasm!
You kill the endoplasm!
You have reached level 2!
There is an open door here.
There is an open door here.
There is an open door here.
There is a staircase leading out of the dungeon here.
Are you sure you want to leave the Dungeon?
This will make you lose the game!
You have escaped!

#♣# ♣@♣# #### ♣..♣
#..###..♣####
########...#♣.♣##..##
#.........#..♣.♣.#..#######
#.######.#####♣.##........#
#.# #.############.###.#
##.## #..........# #.# #.#
###...# ###...####.#
#.###.#


There were no monsters in sight!

Vanquished Creatures
  A dart slug (D:1)
  An endoplasm (D:1)
  2 giant cockroaches (D:1)
  A goblin (D:1)
  A kobold (D:1)
6 creatures vanquished.

Notes
Turn   | Place    | Note
-------+----------+-------------------------------------------
     0 | D:1      | KleinerIrrer the Armataur Hunter began the quest for the
                  | Orb.
     0 | D:1      | Reached XP level 1. HP: 18/18 MP: 1/1
    24 | D:1      | Reached skill level 3 in Ranged Weapons
   250 | D:1      | Reached XP level 2. HP: 25/25 MP: 2/2
   330 | D:$      | Got out of the dungeon alive.

Illustrated notes

Levels and vault maps discovered:
D:1:      pf_arrival_petrified_forest, layout_loops_corners

Skill      XL: |  1 |
---------------+----+-----
Ranged Weapons | 3 |  3.0
Fighting       | 2 |  2.0
Dodging        | |  1.5
Stealth        | |  1.5

Action                     || total
---------------------------++-------
   Fire: Shortbow          ||    12
 Armour: Leather armour    ||     1

Table legend: (Time is in decaauts)
 A = Elapsed time spent in this place.
 B = Non-inter-level travel time spent in this place.
 C = Inter-level travel time spent in this place.
 D = Time resting spent in this place.
 E = Time spent auto-exploring this place.
 F = Levels seen in this place.
 G = Mean time per level.
                   A        B        C        D        E       F      G
               +--------+--------+--------+--------+--------+-----+--------+
         Total |    334 |    255 |     79 |      0 |    218 |   1 |  334.0 |
       Dungeon |    334 |    255 |     79 |      0 |    218 |   1 |  334.0 |
               +--------+--------+--------+--------+--------+-----+--------+

Top non-repeatable levels by time:
     D:1: 334 daAuts
